 Dungeon Crawl Stone Soup version 0.17.1-1-g73c8601 (webtiles) character file.

316932 shmeve the Warrior (level 20, -22/195 HPs)
             Began as a Minotaur Berserker on Apr 14, 2016.
             Was the Champion of Trog.
             Killed from afar by a deep elf annihilator (45 damage)
             ... with a bolt of lightning
             ... on level 5 of the Vaults on Apr 15, 2016.
             The game lasted 02:24:42 (39163 turns).

shmeve the Warrior (Minotaur Berserker)            Turns: 39163, Time: 02:24:42

Health: -22/195    AC: 38    Str: 29    XL:     20   Next: 88%
Magic:  19/19      EV: 11    Int:  5    God:    Trog [******]
Gold:   2722       SH: 24    Dex: 13    Spells: 0 memorised, 19 levels left

rFire  + . .     SeeInvis .     t - +3 broad axe (elec)
rCold  + . .     Rnd*Rage +     N - +7 crystal plate armour
rNeg   . . .     SustAt   .     P - +0 large shield
rPois  +         Gourm    +     (helmet restricted)
rElec  .         Spirit   .     F - +0 cloak
rCorr  .         Warding  .     v - +1 pair of gloves "Wauzem" {+Fly rC+ Slay+5 Stlth-}
rMut   .         Stasis   .     w - +1 pair of boots
MR     +++++                    a - amulet of the gourmand
Stlth  ..........               j - ring of poison resistance
                                z - ring of protection from magic

@: exhausted, regenerating, slowed, very slow, almost entirely resistant to
hostile enchantments, extremely unstealthy
A: retaliatory headbutt, horns 2, agile 1, berserk 1, fire resistance 1, magic
resistance 2, slow regeneration 1, spit poison 1
a: Spit Poison, Berserk, Trog's Hand, Brothers in Arms, Burn Spellbooks,
Renounce Religion, Evoke Flight
}: 1/15 runes: barnacled


You were on level 5 of the Vaults.
You worshipped Trog.
Trog was exalted by your worship.
You were very full.

You visited 6 branches of the dungeon, and saw 37 of its levels.
You also visited: Bailey.

You collected 4174 gold pieces.
You spent 1452 gold pieces at shops.

Inventory:

Hand Weapons
 i - a +4 antimagic war axe
 t - a +3 broad axe of electrocution (weapon)
Missiles
 H - 20 javelins of penetration (quivered)
 J - 41 poisoned javelins
Armour
 v - the +1 pair of gloves "Wauzem" (worn) {+Fly rC+ Slay+5 Stlth-}
   (You bought it in a shop on level 8 of the Dungeon)

   It affects your accuracy and damage with ranged weapons and melee attacks
   (+5).
   It protects you from cold.
   It lets you fly.
   It makes you less stealthy.
 w - a +1 pair of boots (worn)
 F - a +0 cloak (worn)
 N - a +7 crystal plate armour (worn)
 P - a +0 large shield (worn)
Jewellery
 a - an amulet of the gourmand (around neck)
 e - a +5 ring of intelligence
 j - a ring of poison resistance (right hand)
 u - an uncursed amulet of regeneration {unknown}
 z - a ring of protection from magic (left hand)
Wands
 A - a wand of digging (14)
Scrolls
 h - 4 scrolls of magic mapping
 k - 10 scrolls of teleportation
 n - 2 scrolls of identify
 r - 7 scrolls of fear
 B - 11 scrolls of remove curse
 E - 3 scrolls of enchant weapon
 G - 6 scrolls of blinking
 I - 4 scrolls of recharging
 M - a scroll of silence
Potions
 d - 6 potions of agility
 l - 10 potions of curing
 o - 2 potions of heal wounds
 p - 2 potions of resistance
 q - 7 potions of brilliance
 s - 4 potions of flight
 D - 3 potions of might
 L - 2 potions of haste
Miscellaneous
 g - a lamp of fire
 y - a phantom mirror
Comestibles
 b - 35 fruits
 c - 21 bread rations
 f - 5 slices of pizza
 m - 9 beef jerkies
 x - 24 meat rations
 K - 2 royal jellies
 O - 3 chunks of flesh


   Skills:
 * Level 20.8 Fighting
 * Level 20.5 Axes
 + Level 13.6 Throwing
 + Level 15.7 Armour
 + Level 14.3 Dodging
 * Level 19.6 Shields


You had 19 spell levels left.
You didn't know any spells.

Dungeon Overview and Level Annotations

Branches:
Dungeon (15/15)            Temple (1/1) D:6            Lair (8/8) D:11
 Shoals (4/4) Lair:3       Spider (0/4) Lair:4        Slime (0/6) Lair:8
    Orc (4/4) D:12            Elf (0/3) Orc:3        Vaults (5/5) D:13
  Crypt (0/3) Vaults:2     Depths (0/5) D:15

Altars:
Ashenzari
Cheibriados
Dithmenos
Elyvilon
Fedhas
Gozag
Kikubaaqudgha
Makhleb
Nemelex Xobeh
Okawaru
Qazlal
Ru
Sif Muna
Trog
Vehumet
Xom
Yredelemnul
Zin
The Shining One
Beogh
Jiyva

Shops:
D:8 ([[   D:10 *   D:11 *   D:12 (   Orc:2 *   Orc:4 ([!!(   Shoals:4 (

Annotations:
Lair:7 exclusion: oklob plant


Innate Abilities, Weirdness & Mutations

You reflexively headbutt those who attack you in melee.
You have a pair of horns on your head.
You are agile. (Dex +2)
You tend to lose your temper in combat.
Your flesh is heat resistant.
You are highly resistant to hostile enchantments.
You regenerate slowly when monsters are visible.
You can spit weak poison.


Message History

Trog accepts your kill.
You slash the ironheart preserver!
There is a sudden explosion of sparks!
The ironheart preserver is almost dead.
Your hill giant hits the orc knight with a giant club!!
The deep elf annihilator hits you with a long sword.
* * * LOW HITPOINT WARNING * * *
The orc knight hits your hill giant with a halberd!!
Your hill giant hits the orc knight with a giant club!!!
You block the ironheart preserver's attack.
You hear a shout!
You hear a roar!
You slash the deep elf annihilator!
Your headbutt misses the deep elf annihilator.
The deep elf annihilator is severely wounded.
You slash the ironheart preserver!
There is a sudden explosion of sparks!
You kill the ironheart preserver!
Trog accepts your kill.
Trog appreciates your killing of a magic user.
The deep elf annihilator points at you and mumbles some strange words.
The bolt of lightning hits you!
You die...

........#....#..##....#
........#....#..##.##.#
........#...(#().(.##..
..............(()......
########)....)))########
...........(()(........
.....)C...)<<).........
.....o))†)<)(<.........
......)@).)<<).........
#######e).).....#######
.........†.......'
...##.......#.### .$#
##.#....#'# #
##)#....##. #).#....# ..
+...D#....# ..
##...#....#


You could see a storm dragon (wandering), an orc knight, a deep elf annihilator
and a friendly hill giant (berserk).

Vanquished Creatures
  A tentacled monstrosity (Vaults:5)
  2 titans (Vaults:5)
  The ghost of Implojin the Spry, an adept TrMo of Okawaru (Shoals:3)
  3 sphinxes
  A shadow dragon (Vaults:5)
  A storm dragon (Vaults:5)
  7 fire giants
  Ilsuiw (Shoals:4)
  Maud (D:10)
  20 vault wardens
  Aizul (Vaults:4)
  A curse skull (Vaults:2)
  An orc warlord (Orc:3)
  5 very ugly things
  18 ironheart preservers
  8 stone giants
  Nessos (D:12)
  A deep elf demonologist (Vaults:5)
  A deep elf annihilator (Vaults:5)
  A salamander stormcaller (Vaults:1)
  A crystal guardian (Vaults:3)
  Snorg (Orc:1)
  A jiangshi (Vaults:2)
  4 merfolk javelineers (Shoals:4)
  A deep elf death mage (Vaults:1)
  13 yaktaur captains
  The ghost of om the Carver, a journeyman DsBe of Trog (D:14)
  30 vault guards
  13 merfolk impalers
  3 ettins
  Josephine (Lair:4)
  2 fire dragons
  A great orb of eyes (Vaults:2)
  Erolcha (D:9)
  A deep elf high priest (Vaults:5)
  The ghost of ztj1141998 the Nimble, a journeyman DDBe of Trog (D:12)
  An entropy weaver (Vaults:2)
  Fannar (D:12)
  2 ice dragons
  A catoblepas (D:14)
  The ghost of drcatpants the Bludgeoner, a novice OgHu of the Shining One (D:10)
  5 hydras
  4 merfolk avatars
  An anaconda (shapeshifter) (Vaults:5)
  A queen ant (Lair:3)
  7 centaur warriors
  7 ogre magi
  An alligator snapping turtle (Shoals:4)
  3 satyrs
  3 merfolk aquamancers (Shoals:4)
  2 tengu warriors
  6 death yaks
  Urug (D:14)
  3 orc high priests (Orc:4)
  5 deep elf knights
  13 spriggans (Lair:8)
  Nergalle (Lair:2)
  7 sea snakes
  A fire crab (shapeshifter) (D:15)
  17 skeletal warriors
  3 unseen horrors
  A fire crab (Vaults:2)
  4 deep trolls (Vaults:4)
  3 shadow wraiths
  2 wizards
  5 hill giants
  3 flayed ghosts
  17 harpies
  2 small abominations (Vaults:1)
  A giant orange brain (D:15)
  13 ironbrand convokers
  The ghost of shmeve the Skirmisher, a novice MiBe of Trog (D:6)
  A deep elf summoner (Vaults:2)
  A sphinx zombie (Vaults:4)
  15 orc knights
  3 necromancers
  6 orc sorcerers
  3 deep elf conjurers
  4 wolf spiders
  A hornet (shapeshifter) (Vaults:5)
  A lindwurm (shapeshifter) (Vaults:1)
  20 griffons
  A frost giant zombie (Vaults:4)
  42 ugly things
  6 fauns
  7 cyclopes
  5 water nymphs
  4 hornets
  12 manticores
  6 black mambas
  A human skeleton (Vaults:1)
  A stone giant skeleton (Vaults:4)
  Maurice (Orc:3)
  2 elephants (shapeshifter)
  14 spiny frogs
  3 gargoyles
  5 sirens
  16 vault sentinels
  4 torpor snails
  19 elephants
  A centaur zombie (D:14)
  2 centaur skeletons
  A storm dragon simulacrum (Vaults:1)
  A yaktaur (shapeshifter) (Vaults:3)
  3 fire drakes
  A kobold demonologist (Vaults:2)
  11 komodo dragons
  60 yaktaurs
  A spriggan druid (Lair:8)
  2 tengu conjurers
  33 merfolk
  A yaktaur skeleton (Vaults:1)
  3 deep elf priests
  A jumping spider (shapeshifter) (D:15)
  4 freezing wraiths
  5 polar bears (Lair:8)
  7 trolls
  A wind drake (shapeshifter) (Vaults:1)
  A shadow dragon simulacrum (Vaults:1)
  10 two-headed ogres
  17 slime creatures
  2 wind drakes (Shoals:2)
  17 snapping turtles
  3 boulder beetles
  8 blink frogs
  A trapdoor spider (D:12)
  8 deep elf magi
  A shadow (D:15)
  A yak (shapeshifter) (Vaults:2)
  4 redbacks (Lair:8)
  6 wraiths
  2 redbacks (shapeshifter)
  5 wyverns
  3 vampires
  6 water elementals
  A basilisk (Lair:5)
  15 hippogriffs
  Eustachio (D:4)
  A hill giant zombie (D:12)
  65 yaks
  3 hungry ghosts
  8 wargs
  3 deep elf fighters (Vaults:2)
  17 vampire mosquitoes
  A basilisk (shapeshifter) (D:15)
  24 wolves
  3 mottled dragons
  5 porcupines
  15 water moccasins
  11 soldier ants (Lair:3)
  3 ice beasts
  3 sky beasts
  40 orc warriors
  7 necrophages
  29 ogres
  2 eyes of draining
  4 phantoms
  17 boggarts
  7 black bears
  An eye of draining (shapeshifter) (Vaults:1)
  22 centaurs
  3 wasps (Lair:8)
  3 human zombies
  13 crocodiles
  3 big kobolds
  9 gnoll sergeants
  16 giant frogs
  8 scorpions
  A troll zombie (D:12)
  An elf simulacrum (Vaults:3)
  An elf zombie (Vaults:1)
  A scorpion (shapeshifter) (Vaults:3)
  12 wights
  5 crimson imps
  A quasit (D:9)
  8 hounds
  9 killer bees
  3 giant frog skeletons
  6 gnoll shamans (Bailey)
  4 giant frog zombies
  32 orc priests
  2 jellies
  36 orc wizards
  A hell rat (Lair:3)
  Terence (D:2)
  38 worker ants
  13 iguanas
  4 sheep (Lair:5)
  4 ogre zombies (D:12)
  2 hound skeletons
  10 adders
  65 river rats
  22 gnolls
  2 shadow imps
  2 oozes
  2 adder skeletons (D:9)
  3 worms
  198 orcs
  3 ball pythons
  2 giant cockroaches (D:1)
  6 goblins
  10 hobgoblins
  18 jackals
  5 quokkas
  9 bats
  7 giant geckos
  A giant gecko zombie (D:5)
  6 giant newts
  2 goblin skeletons (D:12)
  A hobgoblin skeleton (D:12)
  A hobgoblin zombie (D:12)
  3 jackal skeletons
  14 kobolds
  3 orc skeletons (D:12)
  12 orc zombies (D:12)
  A quokka zombie (D:8)
  15 rats
  4 crawling corpses (Vaults:1)
  5 fungi
  11 plants
1728 creatures vanquished.

Vanquished Creatures (collateral kills)
  A storm dragon (D:15)
  A fire giant (Vaults:2)
  An orc warlord (Orc:4)
  An ironheart preserver (Vaults:1)
  A merfolk javelineer (Shoals:4)
  3 small abominations (Vaults:1)
  A flayed ghost (Vaults:2)
  2 orc knights
  2 deep elf conjurers
  A cyclops (Vaults:2)
  An ugly thing (Vaults:2)
  A griffon (Vaults:2)
  A troll (Orc:4)
  A redback (Vaults:2)
  A warg (Orc:4)
  4 orc warriors
  2 wights (D:11)
  2 orcs
  A crawling corpse (Vaults:1)
28 creatures vanquished.

Vanquished Creatures (others)
  A tengu reaver (Vaults:1)
  An ogre mage (Vaults:4)
  A vault guard (Vaults:5)
  A yaktaur (Vaults:4)
  A deep elf mage (Vaults:5)
  2 worker ants (Lair:3)
  6 river rats (Lair:8)
  An orc (D:4)
  26 fungi
  16 plants
56 creatures vanquished.

Grand Total: 1812 creatures vanquished

Notes
Turn   | Place    | Note
--------------------------------------------------------------
     0 | D:1      | shmeve the Minotaur Berserker began the quest for the Orb.
     0 | D:1      | Reached XP level 1. HP: 19/19 MP: 0/0
   130 | D:1      | Reached XP level 2. HP: 20/27 MP: 1/1
   459 | D:1      | Reached skill level 4 in Axes
   471 | D:1      | Reached XP level 3. HP: 18/33 MP: 2/2
   574 | D:1      | Reached skill level 1 in Throwing
   614 | D:1      | Reached ** piety under Trog
  1049 | D:2      | Reached XP level 4. HP: 19/40 MP: 3/3
  1553 | D:2      | Found a burning altar of Makhleb.
  1553 | D:2      | Found a snail-covered altar of Cheibriados.
  1705 | D:2      | Noticed Terence
  1713 | D:2      | Killed Terence
  1958 | D:3      | Found a shimmering altar of Xom.
  1971 | D:3      | Reached *** piety under Trog
  1971 | D:3      | Reached XP level 5. HP: 38/47 MP: 4/4
  2046 | D:3      | Reached skill level 5 in Axes
  2053 | D:3      | Reached skill level 5 in Fighting
  2537 | D:3      | Found a bloodstained altar of Trog.
  2744 | D:4      | Found a deep blue altar of Sif Muna.
  2754 | D:4      | Found a basalt altar of Yredelemnul.
  2789 | D:4      | Found a stormy altar of Qazlal.
  2837 | D:4      | Noticed an ogre
  2843 | D:4      | Killed an ogre
  2843 | D:4      | Reached XP level 6. HP: 50/56 MP: 5/5
  2850 | D:4      | Noticed Eustachio
  2918 | D:4      | Killed Eustachio
  3275 | D:4      | Reached skill level 6 in Fighting
  3275 | D:4      | Reached XP level 7. HP: 54/63 MP: 6/6
  3287 | D:4      | Found a white marble altar of Elyvilon.
  3418 | D:4      | Noticed an ogre
  3421 | D:4      | Killed an ogre
  3704 | D:5      | Entered Level 5 of the Dungeon
  3946 | D:5      | Reached skill level 7 in Fighting
  3946 | D:5      | Reached XP level 8. HP: 53/73 MP: 7/7
  4241 | D:5      | Reached **** piety under Trog
  4432 | D:5      | Reached skill level 5 in Armour
  4498 | D:6      | Noticed shmeve's ghost (novice MiBe)
  4516 | D:6      | Killed shmeve's ghost
  4516 | D:6      | Reached skill level 8 in Fighting
  4516 | D:6      | Reached skill level 5 in Dodging
  4777 | D:6      | Reached XP level 9. HP: 75/82 MP: 8/8
  4800 | D:6      | Found a sparkling altar of Nemelex Xobeh.
  4800 | D:6      | Found a staircase to the Ecumenical Temple.
  5313 | D:6      | Found an ancient bone altar of Kikubaaqudgha.
  5334 | D:6      | Found a glowing golden altar of the Shining One.
  5376 | Temple   | Entered the Ecumenical Temple
  5484 | Temple   | Gained mutation: You have a pair of large horns on your head. [potion of mutation]
  5484 | Temple   | Gained mutation: You occasionally shout uncontrollably at your foes. [potion of mutation]
  5484 | Temple   | Gained mutation: You tend to lose your temper in combat. [potion of mutation]
  5487 | Temple   | Gained mutation: You are agile. (Dex +2) [potion of mutation]
  5487 | Temple   | Gained mutation: You are resistant to hostile enchantments. [potion of mutation]
  5487 | Temple   | Gained mutation: You regenerate slowly when monsters are visible. [potion of mutation]
  5759 | D:7      | Reached skill level 9 in Axes
  6059 | D:8      | Found Eco Leth's Armour Emporium.
  6067 | D:8      | Reached skill level 5 in Throwing
  6617 | D:8      | Received a gift from Trog
  6685 | D:8      | Found Fiagulur's Weapon Boutique.
  6842 | D:8      | Found Hirutopt's Antique Armour Emporium.
  7001 | D:9      | Reached XP level 10. HP: 93/93 MP: 9/9
  7001 | D:9      | Reached skill level 10 in Axes
  7005 | D:9      | Received a gift from Trog
  7007 | D:9      | Reached skill level 10 in Fighting
  7481 | D:9      | Noticed Erolcha
  7489 | D:9      | Killed Erolcha
  7541 | D:9      | Reached ***** piety under Trog
  7621 | D:9      | Reached skill level 11 in Axes
  8085 | D:9      | Found a blossoming altar of Fedhas.
  8175 | D:10     | Entered Level 10 of the Dungeon
  8181 | D:10     | Noticed a hill giant
  8183 | D:10     | Received a gift from Trog
  8194 | D:10     | Killed a hill giant
  8353 | D:10     | Reached XP level 11. HP: 89/102 MP: 10/10
  8544 | D:10     | Noticed Maud
  8558 | D:10     | Killed Maud
  8628 | D:10     | Found Aniero's Elemental Accessories.
  8686 | D:10     | Noticed a hill giant
  8692 | D:10     | Killed a hill giant
  8924 | D:10     | Noticed drcatpants's ghost (novice OgHu)
  8934 | D:10     | Killed drcatpants's ghost
  8982 | D:10     | Noticed a tengu warrior
  8998 | D:10     | Killed a tengu warrior
  9056 | D:10     | Killed an unseen horror
  9702 | D:11     | Noticed an eight-headed hydra
  9742 | D:11     | Killed an eight-headed hydra
  9742 | D:11     | Reached skill level 5 in Shields
 10209 | D:11     | Found a staircase to the Lair.
 10215 | D:11     | Found Gozag's Platinum Reserve.
 10339 | D:11     | Found an opulent altar of Gozag.
 10670 | D:11     | Reached XP level 12. HP: 78/112 MP: 11/11
 10843 | D:8      | Bought the +1 pair of gloves "Wauzem" {+Fly rC+ Slay+5 Stlth-} for 542 gold pieces
 10959 | Lair:1   | Entered Level 1 of the Lair of Beasts
 11156 | Lair:1   | Reached skill level 12 in Axes
 11332 | Lair:1   | Reached skill level 10 in Shields
 11343 | Lair:1   | Found a snail-covered altar of Cheibriados.
 11553 | Lair:1   | Found a frozen archway.
 11747 | Lair:2   | Noticed a four-headed hydra
 11750 | Lair:2   | Killed a four-headed hydra
 12189 | Lair:2   | Noticed Nergalle
 12199 | Lair:2   | Killed Nergalle
 12742 | Lair:3   | Received a gift from Trog
 12812 | Lair:3   | Found a staircase to the Shoals.
 13092 | Lair:3   | Reached XP level 13. HP: 111/119 MP: 12/12
 13093 | Lair:3   | Reached skill level 13 in Axes
 13105 | Lair:3   | Reached ****** piety under Trog
 13953 | Lair:4   | Noticed Josephine
 13964 | Lair:4   | Killed Josephine
 14022 | Lair:4   | Found a hole to the Spider Nest.
 14088 | Lair:4   | Received a gift from Trog
 14515 | Lair:4   | Gained mutation: You evolve. [potion of mutation]
 14515 | Lair:4   | Lost mutation: You have a pair of large horns on your head. [potion of mutation]
 14515 | Lair:4   | Gained mutation: You do not regenerate naturally when monsters are visible. [potion of mutation]
 14728 | Lair:4   | Reached skill level 10 in Armour
 15058 | Lair:4   | Received a gift from Trog
 15771 | Lair:5   | Reached skill level 14 in Fighting
 15807 | Lair:5   | Received a gift from Trog
 15919 | Lair:5   | Gained mutation: You are highly resistant to hostile enchantments. [evolution]
 16563 | Lair:6   | Reached XP level 14. HP: 132/132 MP: 4/13
 18234 | Lair:8   | Entered Level 8 of the Lair of Beasts
 18274 | Lair:8   | Received a gift from Trog
 18530 | Lair:8   | Found a viscous altar of Jiyva.
 18530 | Lair:8   | Found a staircase to the Slime Pits.
 18993 | Lair:8   | Reached skill level 15 in Fighting
 19001 | Lair:8   | Received a gift from Trog
 19145 | Lair:8   | Received a gift from Trog
 19682 | Lair:8   | Gained mutation: You are frail (-10% HP). [evolution]
 20049 | Lair:4   | Reached skill level 15 in Axes
 20256 | D:12     | Found a staircase to the Orcish Mines.
 20278 | Orc:1    | Entered Level 1 of the Orcish Mines
 20278 | Orc:1    | Noticed Snorg
 20289 | Orc:1    | Killed Snorg
 20378 | Orc:2    | Received a gift from Trog
 20387 | Orc:2    | Received a gift from Trog
 20399 | Orc:2    | Found Keupisun's General Store.
 20523 | Orc:1    | Found a roughly hewn altar of Beogh.
 20534 | Orc:1    | Found a flagged portal.
 20538 | Orc:1    | Reached skill level 10 in Throwing
 20542 | Orc:1    | Reached skill level 10 in Dodging
 20547 | Bailey   | Entered a bailey
 20551 | Bailey   | Reached XP level 15. HP: 126/126 MP: 4/14
 20617 | Bailey   | Received a gift from Trog
 20716 | Bailey   | Got a dazzling plate armour
 20717 | Bailey   | Identified the +5 plate armour "Kyjemap" {Regen+} (You found it in a bailey)
 21223 | Orc:3    | Noticed Maurice
 21229 | Orc:3    | Killed Maurice
 21281 | Orc:3    | Found a staircase to the Elven Halls.
 21357 | Orc:3    | Found a roughly hewn altar of Beogh.
 21608 | Orc:3    | Received a gift from Trog
 21741 | Orc:4    | Entered Level 4 of the Orcish Mines
 21916 | Orc:4    | Found Suwom's Weapon Boutique.
 22088 | Orc:4    | Found Vuest's Weapon Shoppe.
 22095 | Orc:4    | Paralysed by an orc sorcerer for 4 turns
 22111 | Orc:4    | Received a gift from Trog
 22264 | Orc:4    | Received a gift from Trog
 22643 | Orc:4    | Received a gift from Trog
 22657 | Orc:4    | Found Fop Wuve's Antique Armour Shoppe.
 22665 | Orc:4    | Found Ytae's Distillery.
 22670 | Orc:4    | Found Deirai Cuhos's Distillery.
 22697 | Orc:4    | Bought a potion of cure mutation for 385 gold pieces
 22697 | Orc:4    | Lost mutation: You are frail (-10% HP). [potion of cure mutation]
 22697 | Orc:4    | Lost mutation: You tend to lose your temper in combat. [potion of cure mutation]
 22697 | Orc:4    | Lost mutation: You occasionally shout uncontrollably at your foes. [potion of cure mutation]
 22697 | Orc:4    | Lost mutation: You do not regenerate naturally when monsters are visible. [potion of cure mutation]
 22697 | Orc:4    | Lost mutation: You evolve. [potion of cure mutation]
 22697 | Orc:4    | Lost mutation: You are highly resistant to hostile enchantments. [potion of cure mutation]
 22706 | Orc:4    | Bought a potion of beneficial mutation for 490 gold pieces
 22706 | Orc:4    | Gained mutation: Your flesh is heat resistant. [potion of beneficial mutation]
 22727 | Orc:4    | Bought a potion of mutation for 35 gold pieces
 22727 | Orc:4    | Gained mutation: Your muscles are strong. (Str +2) [potion of mutation]
 22727 | Orc:4    | Gained mutation: You tend to lose your temper in combat. [potion of mutation]
 22838 | D:12     | Found Rutesop's Weapon Boutique.
 22849 | D:12     | Noticed Fannar
 22857 | D:12     | Killed Fannar
 23158 | D:12     | Noticed ztj1141998's ghost (journeyman DDBe)
 23163 | D:12     | Killed ztj1141998's ghost
 23182 | D:12     | Noticed Nessos
 23195 | D:12     | Killed Nessos
 23382 | D:13     | Received a gift from Trog
 23467 | D:13     | Reached skill level 16 in Fighting
 23618 | D:13     | Found a gate to the Vaults.
 23633 | D:13     | Received a gift from Trog
 24249 | D:14     | Noticed om's ghost (journeyman DsBe)
 24270 | D:14     | Killed om's ghost
 24320 | D:14     | Noticed Urug
 24337 | D:14     | Killed Urug
 24358 | D:14     | Gained mutation: You are highly resistant to hostile enchantments. [potion of mutation]
 24358 | D:14     | Lost mutation: Your muscles are strong. (Str +2) [potion of mutation]
 24612 | D:14     | Received a gift from Trog
 25058 | D:14     | Reached XP level 16. HP: 103/152 MP: 5/15
 25224 | D:15     | Entered Level 15 of the Dungeon
 25307 | D:15     | Found a staircase to the Depths.
 25491 | D:15     | HP: 2/152 [storm dragon/bolt of lightning (47)]
 26221 | D:15     | Reached skill level 15 in Shields
 26666 | D:15     | Received a gift from Trog
 27003 | Shoals:1 | Entered Level 1 of the Shoals
 27165 | Shoals:1 | Got a warped chain mail
 27166 | Shoals:1 | Identified the +5 chain mail "Jaefah" {MP+9 Int+2} (You found it on level 1 of the Shoals)
 28231 | Shoals:2 | Reached skill level 17 in Fighting
 28244 | Shoals:2 | Received a gift from Trog
 28840 | Shoals:3 | Noticed Implojin's ghost (adept TrMo)
 28886 | Shoals:3 | Killed Implojin's ghost
 29461 | Shoals:4 | Entered Level 4 of the Shoals
 29606 | Shoals:4 | Noticed Ilsuiw
 29653 | Shoals:4 | Killed Ilsuiw
 29673 | Shoals:4 | Got an ancient tin ring
 29700 | Shoals:4 | Found Ucroeg's Antique Weapon Shop.
 29798 | Shoals:4 | Identified the ring "Urerydd" {+/*Tele Int+6} (You took it off a merfolk on level 4 of the Shoals)
 29971 | Shoals:4 | Received a gift from Trog
 30014 | Shoals:4 | Reached XP level 17. HP: 141/162 MP: 16/16
 30983 | Shoals:4 | Received a gift from Trog
 31390 | Shoals:4 | Reached skill level 18 in Fighting
 31408 | Shoals:4 | Got a barnacled rune of Zot
 31794 | Vaults:1 | Entered Level 1 of the Vaults
 32081 | Vaults:1 | Received a gift from Trog
 32344 | Vaults:1 | Received a gift from Trog
 32859 | Vaults:1 | Reached XP level 18. HP: 133/173 MP: 17/17
 32928 | Vaults:1 | Received a gift from Trog
 33328 | Vaults:1 | Received a gift from Trog
 34294 | Vaults:2 | Found a staircase to the Crypt.
 34384 | Vaults:2 | Reached skill level 19 in Fighting
 34438 | Vaults:2 | Received a gift from Trog
 34934 | Vaults:2 | Reached XP level 19. HP: 132/183 MP: 18/18
 35439 | Vaults:3 | Received a gift from Trog
 36103 | Vaults:3 | Received a gift from Trog
 36106 | Vaults:3 | Got a slimy hand axe {god gift}
 36107 | Vaults:3 | Identified the +4 hand axe "Zoduosouss" {chop, *Confuse rPois rC+ Stlth+} (Trog gifted it to you on level 3 of the Vaults)
 36461 | Vaults:3 | Gained mutation: You can spit weak poison. [potion of mutation]
 37267 | Vaults:4 | Received a gift from Trog
 37311 | Vaults:4 | Reached skill level 15 in Armour
 37316 | Vaults:4 | Reached skill level 20 in Fighting
 37576 | Vaults:4 | Received a gift from Trog
 38252 | Vaults:4 | Received a gift from Trog
 38252 | Vaults:4 | Reached XP level 20. HP: 167/193 MP: 19/19
 38350 | Vaults:4 | Noticed Aizul
 38355 | Vaults:4 | Received a gift from Trog
 38368 | Vaults:4 | Killed Aizul
 38858 | Vaults:5 | Entered Level 5 of the Vaults
 38871 | Vaults:5 | Received a gift from Trog
 38939 | Vaults:5 | Got a scintillating steel ring
 38997 | Vaults:5 | Identified the ring "Uhena" {+/*Tele rF+ Dex+4} (You took it off a fire giant on level 5 of the Vaults)
 39053 | Vaults:5 | Received a gift from Trog
 39152 | Vaults:5 | Received a gift from Trog
 39163 | Vaults:5 | Killed from afar by a deep elf annihilator

Action                   |  1- 3 |  4- 6 |  7- 9 | 10-12 | 13-15 | 16-18 | 19-21 || total
-------------------------+-------+-------+-------+-------+-------+-------+-------++-------
Melee: Hand axe          |    83 |   148 |   201 |       |       |       |       ||   432
       War axe           |       |       |   103 |   236 |   230 |       |       ||   569
       Battleaxe         |       |       |       |   234 |       |       |       ||   234
       Broad axe         |       |       |       |       |  1010 |  1184 |   564 ||  2758
Throw: Javelin           |       |     9 |    21 |    43 |    60 |    49 |    14 ||   196
Invok: Berserk           |       |     3 |     3 |     4 |     5 |     5 |     6 ||    26
       Trog's Hand       |       |     3 |     3 |     3 |    12 |     9 |     4 ||    34
       Burn Spellbooks   |       |     1 |     1 |       |     3 |     4 |     2 ||    11
       Brothers in Arms  |       |       |       |     1 |     1 |     4 |     2 ||     8
 Abil: Spit Poison       |       |       |       |       |       |       |     1 ||     1
  Use: Scroll            |       |       |    11 |     6 |    22 |    16 |     3 ||    58
       Potion            |       |       |     8 |       |     5 |     3 |     1 ||    17
 Stab: Distracted        |       |       |       |       |       |       |     1 ||     1
  Eat: Chunk             |       |     6 |    20 |    29 |    62 |    46 |    23 ||   186
       Bread ration      |       |     1 |       |       |       |       |       ||     1
       Fruit             |       |       |     4 |       |       |       |       ||     4
